SKIRTSKUB, neutral female scurrid Tourist ------- ---...... |.......| ......... |...@s..| ........| |.....--- ------- SKIRTSKUB the Sightseer Experience level: 4 Strength: 12 Dexterity: 10 Constitution: 14 Intelligence: 14 Wisdom: 9 Charisma: 13 Health: 0(29) Energy: 15(15) Def: 0 Gold: 2948 Moves: 486 Dungeon seed: tjp8veeBYi4Cf76o Game ID: SKIRTSKUB_1498717228 Your Inventory: Coins $ - 2948 gold pieces Weapons a - 40 uncursed +2 darts (in quiver) Armor e - an uncursed +0 Hawaiian shirt (being worn) Comestibles b - 2 uncursed eggs c - 7 uncursed food rations d - an uncursed tin of newt meat f - an uncursed fortune cookie Scrolls i - 4 uncursed scrolls of magic mapping v - 2 uncursed scrolls of enchant weapon C - a cursed scroll of identify Wands l - an uncursed wand of secret door detection (0:14) T - an uncursed wand of enlightenment (0:13) Tools j - an uncursed expensive camera (0:91) k - an uncursed credit card m - an uncursed tin opener n - an uncursed mirror o - an uncursed tinning kit (0:50) Spells and supernatural/magical abilities: Name Level Category Fail Memory W - pray for help -- divine ? -- Your skills at the end: Miscellaneous Skills wands [Basic] Weapon Skills dart [Basic] Spellcasting Skills Final Attributes: You were devoutly aligned. You had infravision. You were very stealthy. You are dead. Vanquished creatures: a gnome king a gnome lord a dwarf a gas spore 2 hobbits a giant rat 2 gnomes a goblin 3 grid bugs 2 lichens 15 creatures vanquished. Voluntary challenges: You did not adorn yourself with jewelry or accessories. You did not cause conflict. You were not invisible. You did not have reflection. You were not displaced. You were an atheist. You never hit with a wielded weapon. You did not use containers. You did not apply a unicorn horn. You did not use sinks. You were illiterate. You never genocided any monsters. You never polymorphed an object. You never changed form. You used no wishes. You never split a pudding. You never wrote Elbereth's name. You violated your moral code, losing 1 point of alignment, starting on turn 334. Dungeon overview: The Dungeons of Doom: levels 1 to 17 Level 1 a long staircase Level 2 Level 3 a fountain stairs to The Gnomish Mines Level 4 Level 5 Level 6 a long staircase Level 7 Level 8 Level 9 Level 10 Level 11 Level 12 Level 13 Level 14 Level 15 Level 16 Level 17 <- You were here The Gnomish Mines: Level 4 stairs to The Dungeons of Doom History has recorded: On T:1 you entered the Dungeons of Doom to retrieve the Amulet of Yendor! On T:158 you reached level 2 of The Dungeons of Doom. On T:259 you reached level 3 of The Dungeons of Doom. On T:318 you advanced to experience level 2. On T:323 you reached level 1 of The Gnomish Mines. On T:339 you advanced to experience level 3. On T:404 you advanced to experience level 4. On T:448 you reached level 4 of The Dungeons of Doom. On T:450 you reached level 5 of The Dungeons of Doom. On T:452 you reached level 6 of The Dungeons of Doom. On T:456 you reached level 7 of The Dungeons of Doom. On T:458 you reached level 8 of The Dungeons of Doom. On T:463 you reached level 9 of The Dungeons of Doom. On T:465 you reached level 10 of The Dungeons of Doom. On T:467 you reached level 11 of The Dungeons of Doom. On T:469 you reached level 12 of The Dungeons of Doom. On T:472 you reached level 13 of The Dungeons of Doom. On T:474 you reached level 14 of The Dungeons of Doom. On T:476 you reached level 15 of The Dungeons of Doom. On T:478 you reached level 16 of The Dungeons of Doom. On T:478 you entered the Rogue tribute level. On T:481 you reached level 17 of The Dungeons of Doom. Score breakdown: Gold: 2093 ( 209 points) Experience: 4 levels ( 300 points) Exploration: 17 levels ( 480 points) Discoveries: 4 items ( 200 points) Variety of kills: 10 monsters ( 500 points) Major goal: (nothing yet) ( 0 points) Survival: died (score multiplied by 3) Total score: 5067 Latest messages: You feel weaker! The giant spider moves its spinnerets around you. You feel much better. The giant spider bites! The giant spider moves its spinnerets around you. The dart hits it. The giant spider bites! The giant spider moves its spinnerets around you. The dart hits it. The giant spider bites! The giant spider moves its spinnerets around you. The giant spider bites! The giant spider's bite was poisoned! The giant spider moves its spinnerets around you. The dart hits it. The giant spider bites! The giant spider's bite was poisoned! You die... Final status: Aloha SKIRTSKUB the Tourist, poisoned by a giant spider... You died in The Dungeons of Doom on dungeon level 17 with 5067 points, and 2948 pieces of gold, after 486 moves. You were level 4 with a maximum of 29 hit points when you died.